 Dungeon Crawl Stone Soup version 0.28-a0-1080-g05a166d0ed (webtiles) character file.

Game seed: 1385959845810911777

28 porpoise the Conjurer (level 2, 0/15 HPs)
             Began as a Deep Elf Conjurer on Dec 10, 2021.
             Slain by a rat (3 damage)
             ... on level 2 of the Dungeon.
             The game lasted 00:03:30 (1168 turns).

porpoise the Conjurer (Deep Elf Conjurer)           Turns: 1168, Time: 00:03:31

Health: 0/15       AC:  2    Str:  4    XL:     2   Next: 96%
Magic:  2/8        EV:  9    Int: 22    God:
Gold:   43         SH:  0    Dex: 13    Spells: 4/7 levels left

rFire   . . .      SeeInvis .   a - +0 dagger
rCold   . . .      Faith    .   (no shield)
rNeg    . . .      Spirit   .   b - +0 robe
rPois   .          Reflect  .   (no helmet)
rElec   .          Harm     .   (no cloak)
rCorr   .          Rampage  .   (no gloves)
Will    .....                   (no boots)
Stlth   ++........              (no amulet)
HPRegen 0.05/turn               (no ring)
MPRegen 0.11/turn               (no ring)

@: constricted
A: no striking features
a: no special abilities


You were on level 2 of the Dungeon.
You visited 1 branch of the dungeon, and saw 2 of its levels.

You collected 43 gold pieces.

Inventory:

Hand Weapons
 a - a +0 dagger (weapon)
Missiles
 c - 5 stones
 d - 17 poisoned darts
 f - 6 javelins
Armour
 b - a +0 robe (worn)
Potions
 e - a potion of curing


   Skills:
 - Level 2.4 Dodging
 - Level 2.4 Stealth
 + Level 3.3 Spellcasting
 + Level 5.3 Conjurations


You had 4 spell levels left.
You knew the following spells:

 Your Spells              Type           Power      Damage    Failure   Level
a - Magic Dart            Conj           100%       1d8       1%          1
b - Searing Ray           Conj           54%        2d6       1%          2

Your spell library contained the following spells:

 Spells                   Type           Power      Damage    Failure   Level
 Shock                    Conj/Air       60%        1d6       4%          1
 Dazzling Flash           Conj/Hex       30%        N/A       12%         3
 Swiftness                Air            3%         N/A       34%         3
 Fulminant Prism          Conj/Hex       7%         3d7       36%         4
 Iskenderun's Mystic Bla  Conj/Tloc      15%        2d5       36%         4
 Airstrike                Air            1%         N/A       75%         4


Dungeon Overview and Level Annotations

Branches:
Dungeon (2/15)

Altars:

Annotations:
D:2 Terence


Message History

Aim: Terence, wielding a +0 mace and wearing a +0 scale mail (lightly wounded, 82% to hit)
The searing ray hits Terence.
Terence is moderately wounded. (Press . to maintain the ray.) Terence hits you with a +0 mace.
The searing ray hits Terence.
Terence is heavily wounded.
Terence misses you.
Without enough magic to sustain it, your searing ray dissipates.
Terence closely misses you.
You aren't carrying any items that you can evoke.
Unknown command.
Unknown command.
As you read the scroll labelled YSUWIN JAPHYOP, it crumbles to dust.
It is a scroll of identify.
e - a potion of curing Terence hits you with a +0 mace.
As you read the scroll labelled ITEOJI NEGA, it crumbles to dust.
You feel strangely unstable.
It was a scroll of teleportation.
Terence barely misses you. Terence says, "Did you write a will?
You should..."
Your surroundings suddenly seem different.
A rat and a goblin come into view.
The goblin is wielding a +2 dagger of venom.
Found a stone staircase leading up.
Found 21 bolts.
A ball python comes into view.
A rat comes into view.
The ball python hisses angrily.
The rat bites you. The rat barely misses you. The rat closely misses you.
There is a stone staircase leading up here.
The goblin shouts!
The rat bites you.
* * * LOW HITPOINT WARNING * * *
The ball python barely misses you. The ball python grabs you.
You stop ascending the stairs.
The ball python constricts you.
* * * LOW HITPOINT WARNING * * *
The rat bites you.
You die...

#....# #.# ####
#....#+###†# ###...
#..........#
#.....##.........##
.......#.........
.#.............#
...............#
.##...#rr......#
......S@g......#
###...........(#
#.#..........#
#.#..........#
#.#........#
#....###### ##.###
.


You could see a goblin, a ball python and 2 rats.

Vanquished Creatures
  2 dart slugs (D:2)
  3 giant cockroaches (D:1)
  A goblin (D:1)
  3 hobgoblins (D:1)
  A quokka (D:1)
  4 ball pythons (D:1)
  A bat (D:1)
  A frilled lizard (D:1)
  2 kobolds (D:1)
  5 rats
23 creatures vanquished.

Notes
Turn   | Place    | Note
-------+----------+-------------------------------------------
     0 | D:1      | porpoise the Deep Elf Conjurer began the quest for the Orb.
     0 | D:1      | Reached XP level 1. HP: 10/10 MP: 6/6
   233 | D:1      | Reached XP level 2. HP: 15/15 MP: 0/8
   301 | D:1      | Learned a level 2 spell: Searing Ray
   366 | D:1      | Found a faded altar of an unknown god.
   413 | D:1      | Reached skill level 5 in Conjurations
  1147 | D:2      | Noticed Terence
  1168 | D:2      | Slain by a rat

Illustrated notes

Levels and vault maps discovered:
D:1:      lemuel_arrival_lava_pool, layout_rooms,
          hellmonk_ecumenical_altar_pennies_from_heaven
D:2:      layout_basic, basic_altar, uniq_terence, uniq_crazy_yiuf_cottage

Skill      XL: |  1  2 |
---------------+-------+-----
Conjurations   | 5 |  5.3
Dodging        | |  2.4
Stealth        | |  2.4
Spellcasting   | |  3.3

Action                   || total
-------------------------++-------
 Cast: Magic Dart        ||    47
       Searing Ray       ||     4
  Use: Scroll            ||     2
Dodge: Dodged            ||     8

Table legend: (Time is in decaauts)
 A = Elapsed time spent in this place.
 B = Non-inter-level travel time spent in this place.
 C = Inter-level travel time spent in this place.
 D = Time resting spent in this place.
 E = Time spent auto-exploring this place.
 F = Levels seen in this place.
 G = Mean time per level.
                   A        B        C        D        E       F      G
               +--------+--------+--------+--------+--------+-----+--------+
         Total |   1169 |   1153 |     16 |    547 |    484 |   2 |  584.5 |
       Dungeon |   1169 |   1153 |     16 |    547 |    484 |   2 |  584.5 |
               +--------+--------+--------+--------+--------+-----+--------+

Top non-repeatable levels by time:
     D:1: 901 daAuts
     D:2: 267 daAuts
